 Dungeon Crawl Stone Soup version 0.30-a0-900-g23479c02f2 (webtiles) character file.

Game seed: 10915592366178390822

1148 Iniera the Conjurer (level 8, -2/37 HPs)
             Began as a Vine Stalker Conjurer on Mar 19, 2023.
             Was a Follower of Vehumet.
             Slain by an orc warrior
             ... wielding a +0 halberd
              (13 damage)
             ... on level 6 of the Dungeon.
             The game lasted 00:10:40 (5989 turns).

Iniera the Conjurer (Vine Stalker Conjurer)         Turns: 5989, Time: 00:10:40

Health: -2/37      AC:  9    Str: 11    XL:     8   Next: 38%
Magic:  0/28       EV: 12    Int: 20    God:    Vehumet [*.....]
Gold:   176        SH:  0    Dex: 12    Spells: 9/20 levels left

rFire   + . .      SeeInvis .    w - +0 whip (venom)
rCold   + . .      Faith    .    (no shield)
rNeg    . . .      Spirit   +    n - +0 robe {rF+}
rPois   +          Reflect  .    o - +2 helmet "Bunecw" {rElec}
rElec   +          Rampage  .    (no cloak)
rCorr   +                        (no gloves)
Will    ++...                    t - +3 pair of boots of the Lion {rPois rC+ Will+ MP+9}
Stlth   ++                       (no amulet)
HPRegen 1.06/turn                l - ring of resist corrosion
MPRegen 0.21/turn                x - ring of wizardry

@: no status effects
A: fangs 3, regeneration 1, magic shield, antimagic bite, no potion heal 2
a: Renounce Religion


You were on level 6 of the Dungeon.
You worshipped Vehumet.
Vehumet was aware of your devotion.
You visited 2 branches of the dungeon, and saw 7 of its levels.

You collected 235 gold pieces.
You spent 59 gold pieces at shops.

Inventory:

Hand Weapons
 a - a +1 whip of electrocution
 w - a +0 whip of venom (weapon)
Missiles
 v - 3 curare-tipped darts
Armour
 n - a +0 robe of fire resistance (worn)
 o - the +2 helmet "Bunecw" (worn) {rElec}
   (You found it on level 3 of the Dungeon)

   rElec:     It insulates you from electricity.
 t - the +3 pair of boots of the Lion (worn) {rPois rC+ Will+ MP+9}
   (You found it on level 5 of the Dungeon)

   rC:        It protects you from cold.
   rPois:     It protects you from poison.
   MP:        It affects your magic capacity (+9).
   Will:      It increases your willpower.
 u - a +2 buckler
Magical Staves
 b - a staff of air
Jewellery
 l - a ring of resist corrosion (left hand)
 x - a ring of wizardry (right hand)
Wands
 r - a wand of iceblast (2)
 s - a wand of digging (2)
Scrolls
 c - 2 scrolls of noise {unknown}
 g - 7 scrolls of teleportation
 p - 2 scrolls of immolation
 y - a scroll of identify
Potions
 d - a potion of ambrosia
 e - a potion of invisibility
 f - a potion of mutation {unknown}
 h - 2 potions of curing {unknown}
 i - a potion of cancellation {unknown}
 j - 5 potions of flight
 k - a potion of lignification {unknown}
 m - a potion of heal wounds {unknown}
 q - 2 potions of attraction {unknown}


   Skills:
 + Level 0.8 Fighting
 - Level 1.5 Dodging
 - Level 2.4 Stealth
 + Level 1.0 Shields
 * Level 6.7 Spellcasting
 * Level 7.1 Conjurations
 + Level 3.2 Hexes
 + Level 1.0 Translocations


You had 9 spell levels left.
You knew the following spells:

 Your Spells              Type           Power      Damage    Failure   Level
a - Magic Dart            Conj           100%       1d8       1%          1
b - Searing Ray           Conj           70%        2d7       1%          2
c - Fulminant Prism       Conj/Hex       13%        3d8       4%          4
d - Iskenderun's Mystic   Conj/Tloc      23%        2d6       8%          4

Your spell library contained the following spells:

 Spells                   Type           Power      Damage    Failure   Level
 Sandblast                Erth           12%        2d6       4%          1
 Dazzling Flash           Conj/Hex       54%        N/A       1%          3
 Inner Flame              Hex/Fire       13%        N/A       6%          3
 Cause Fear               Hex            9%         N/A       11%         4
 Summon Lightning Spire   Summ/Air       6%         N/A       34%         4
 Storm Form               Tmut/Air       3%         N/A       100%        7
 Discord                  Hex            9%         N/A       100%        8
 Maxwell's Capacitive Co  Air            3%         ∞         100%        8


Dungeon Overview and Level Annotations

Branches:
Dungeon (6/15)             Temple (1/1) D:4

Altars:
Ashenzari
Cheibriados
Dithmenos
Fedhas
Kikubaaqudgha
Nemelex Xobeh
Okawaru
Qazlal
Sif Muna
Vehumet
Xom
Yredelemnul
The Shining One

Shops:
D:2 [[![:


Innate Abilities, Weirdness & Mutations

You have razor-sharp teeth.
Your natural rate of healing is unusually fast.
When hurt, damage is shared between your health and your magic reserves.
Your bite disrupts and absorbs the magic of your enemies.
Potions cannot restore your health.


Message History

The searing ray hits the orc warrior.
The orc warrior is severely wounded.
You finish channelling your searing ray.
The orc warrior hits you from afar with a +0 halberd!
Casting: Searing Ray (safe; 1% risk of failure)
Confirm with . or Enter, or press ? or * to list all spells.
Aiming: Searing Ray (safe; 1% risk of failure)
Press: ? - help, Shift-Dir - straight line, f/p - orc warrior
Aim: an orc warrior, wielding a +0 halberd and wearing a +0 plate armour (severely wounded, 81% to hit)
The searing ray hits the orc warrior.
The orc warrior is severely wounded. (Press . to maintain the ray.)
The orc warrior closely misses you.
The searing ray hits the orc warrior.
The orc warrior is almost dead.
The orc warrior closely misses you.
The searing ray hits the orc warrior but does no damage.
The orc warrior is almost dead.
The orc warrior hits you from afar with a +0 halberd!
The searing ray hits the orc warrior but does no damage.
The orc warrior is almost dead.
You finish channelling your searing ray.
The orc warrior barely misses you.
Casting: Searing Ray (safe; 1% risk of failure)
Confirm with . or Enter, or press ? or * to list all spells.
Aiming: Searing Ray (safe; 1% risk of failure)
Press: ? - help, Shift-Dir - straight line, f/p - orc warrior
Aim: an orc warrior, wielding a +0 halberd and wearing a +0 plate armour (almost dead, 81% to hit)
The searing ray hits the orc warrior but does no damage.
The orc warrior is almost dead. (Press . to maintain the ray.)
The orc warrior hits you from afar with a +0 halberd.
The searing ray hits the orc warrior.
The orc warrior is almost dead.
The orc warrior hits you from afar with a +0 halberd!
* * * LOW HITPOINT WARNING * * *
The searing ray hits the orc warrior but does no damage.
The orc warrior is almost dead.
The orc warrior hits you from afar with a +0 halberd!
You die...

#..# #..#
######..#
.......#
#.....###
+.......#
#.....#.#
#.#....<#@#
.......)..#
#.#.#.#o#.#
# #.#...# #
..#.#
)..#.#
)...#.#
#.#..#.#
.......#


You could see an orc warrior.

Vanquished Creatures
  Sigmund (D:2)
  2 black bears (D:5)
  An ogre (D:2)
  A phantom (D:5)
  A centaur (D:3)
  Blork the orc (D:5)
  A kobold brigand (D:5)
  A jelly (D:4)
  Jessica (D:3)
  2 iguanas (D:5)
  Natasha (thrice) (D:3)
  An orc wizard (D:5)
  A sleepcap (D:5)
  3 gnolls (D:5)
  6 adders
  2 worms
  3 dart slugs
  7 orcs
  6 bats
  10 endoplasms
  8 giant cockroaches
  10 goblins
  3 hobgoblins
  5 jackals
  17 kobolds
  3 quokkas
  11 ball pythons
  6 frilled lizards
  5 rats (D:1)
122 creatures vanquished.

Vanquished Creatures (others)
  A fulminant prism (D:6)
  2 plants (D:1)
3 creatures vanquished.

Grand Total: 125 creatures vanquished

Notes
Turn   | Place    | Note
-------+----------+-------------------------------------------
     0 | D:1      | Iniera the Vine Stalker Conjurer began the quest for the
                  | Orb.
     0 | D:1      | Reached XP level 1. HP: 9/9 MP: 4/4
   128 | D:1      | Reached XP level 2. HP: 13/13 MP: 0/6
   514 | D:1      | Reached XP level 3. HP: 14/16 MP: 1/8
   525 | D:1      | Learned a level 2 spell: Searing Ray
  1203 | D:2      | Found Laocarax's Distillery.
  1261 | D:2      | Found Suebun's Armour Boutique.
  1311 | D:2      | Found Lumyciv's Antique Armour Emporium.
  1744 | D:2      | Gained mutation: Your natural rate of healing is unusually
                  | fast. [Vine Stalker growth]
  1744 | D:2      | Reached XP level 4. HP: 21/21 MP: 4/10
  1981 | D:2      | Noticed Sigmund
  1989 | D:2      | Killed Sigmund
  1990 | D:2      | Reached skill level 5 in Spellcasting
  1990 | D:2      | Reached skill level 5 in Conjurations
  1990 | D:2      | Reached XP level 5. HP: 10/24 MP: 1/13
  2150 | D:2      | Found Ujelabah's Antique Armour Emporium.
  2156 | D:2      | Bought a runed robe for 59 gold pieces
  2221 | D:2      | Reached XP level 6. HP: 28/28 MP: 10/14
  2309 | D:2      | Learned a level 4 spell: Fulminant Prism
  2417 | D:2      | Found Foxyd's Book Shoppe.
  2556 | D:2      | Reached skill level 1 in Hexes
  2997 | D:3      | Noticed Natasha
  3002 | D:3      | Killed Natasha
  3003 | D:3      | Reached XP level 7. HP: 31/32 MP: 8/16
  3163 | D:3      | Identified the +2 helmet "Bunecw" {rElec}
  3233 | D:3      | Noticed Jessica
  3237 | D:3      | Killed Jessica
  3238 | D:3      | Reached skill level 6 in Conjurations
  3373 | D:3      | Found a glowing golden altar of the Shining One.
  3374 | D:3      | Noticed Natasha
  3381 | D:3      | Killed Natasha
  3556 | D:3      | Noticed Natasha
  3560 | D:3      | Killed Natasha
  4240 | D:4      | Found a staircase to the Ecumenical Temple.
  4255 | Temple   | Entered the Ecumenical Temple
  4425 | Temple   | Became a worshipper of Vehumet
  4547 | D:4      | Found a blossoming altar of Fedhas.
  4956 | D:5      | Entered Level 5 of the Dungeon
  5178 | D:5      | Noticed Blork the orc
  5185 | D:5      | Killed Blork the orc
  5266 | D:5      | Identified the +3 pair of boots of the Lion {rPois rC+
                  | Will+ MP+9}
  5362 | D:5      | Gained mutation: You have razor-sharp teeth. [Vine Stalker
                  | growth]
  5362 | D:5      | Reached XP level 8. HP: 36/36 MP: 18/18
  5377 | D:5      | Learned a level 4 spell: Iskenderun's Mystic Blast
  5508 | D:5      | Reached skill level 7 in Conjurations
  5647 | D:5      | Found a shadowy altar of Dithmenos.
  5677 | D:5      | Reached skill level 1 in Shields
  5677 | D:5      | Reached skill level 1 in Translocations
  5738 | D:5      | Found a broken altar of Ashenzari.
  5978 | D:6      | Reached * piety under Vehumet
  5978 | D:6      | Offered knowledge of Sandblast by Vehumet.
  5989 | D:6      | Slain by an orc warrior

Illustrated notes

Levels and vault maps discovered:
D:1:      nzn_arrival_settlement, layout_basic, serial_bayou_pond_b
D:2:      wad_crossroads, layout_basic, serial_shops, shop_coins,
          nicolae_shop_hallway_stairs, nicolae_shop_hallway_plus, shop, shop,
          minmay_misc_feat_rows, uniq_sigmund
D:3:      layout_rooms, tso_metal_star, kennysheep_jessica_study, uniq_natasha
D:4:      layout_layer_cave, fedhas_ov_isle_minmay, temple_doors_e
D:5:      layout_cave_pools, mainiacjoe_overflow_alcove_4,
          grunt_dithmenos_smoke, uniq_blork_the_orc
D:6:      layout_basic, mainiacjoe_overflow_six_doors_small,
          lemuel_coloured_pillars_altar, trog_ov_bears_minmay, serial_shops,
          nicolae_shop_temple_entry_statues_fountains
Temple:   hellmonk_temple_forest_ring

Skill      XL: |  1  2  3  4  5  6  7  8 |
---------------+-------------------------+-----
Spellcasting   | 3 5 6 |  6.7
Conjurations   | 5 6 7 |  7.1
Hexes          | 1 2 3 |  3.2
Shields        | 1 |  1.0
Translocations | 1 |  1.0
Fighting       | |  0.8
Dodging        | |  1.5
Stealth        | |  2.4

Action                     |  1- 3 |  4- 6 |  7- 9 || total
---------------------------+-------+-------+-------++-------
  Melee: Staff             |    19 |     5 |       ||    24
         Bite              |     8 |     3 |     2 ||    13
         Whip              |       |       |    13 ||    13
   Cast: Magic Dart        |    73 |    42 |   116 ||   231
         Searing Ray       |       |     4 |    17 ||    21
         Fulminant Prism   |       |       |     1 ||     1
    Use: Scroll            |     3 |     3 |     3 ||     9
         Potion            |       |       |     1 ||     1
 Armour: Robe              |     4 |     3 |    21 ||    28
  Dodge: Dodged            |    23 |    15 |    47 ||    85

Table legend: (Time is in decaauts)
 A = Elapsed time spent in this place.
 B = Non-inter-level travel time spent in this place.
 C = Inter-level travel time spent in this place.
 D = Time resting spent in this place.
 E = Time spent auto-exploring this place.
 F = Levels seen in this place.
 G = Mean time per level.
                   A        B        C        D        E       F      G
               +--------+--------+--------+--------+--------+-----+--------+
         Total |   5997 |   5805 |    192 |    172 |   4766 |   7 |  856.7 |
       Dungeon |   5811 |   5655 |    156 |    172 |   4625 |   6 |  968.5 |
        Temple |    185 |    150 |     35 |      0 |    141 |   1 |  185.0 |
               +--------+--------+--------+--------+--------+-----+--------+

Top non-repeatable levels by time:
     D:2: 1563 daAuts
     D:1: 1205 daAuts
     D:4: 1141 daAuts
     D:5: 1008 daAuts
     D:3: 862 daAuts
  Temple: 185 daAuts
     D:6: 29 daAuts
